 Dungeon Crawl Stone Soup version 0.19-a0-1238-gee6bd96 (webtiles) character file.

691 poirepourri the Magician (level 7, -1/32 HPs)
             Began as a Spriggan Enchanter on Aug 26, 2016.
             Slain by Pikel
             ... wielding a +2 whip of freezing
              (5 damage)
             ... on level 5 of the Dungeon.
             The game lasted 00:13:47 (9031 turns).

poirepourri the Magician (Spriggan Enchanter)       Turns: 9031, Time: 00:13:48

Health: -1/32      AC:  7    Str:  4    XL:     7   Next: 36%
Magic:  17/27      EV: 20    Int: 18    God:
Gold:   146        SH:  0    Dex: 17    Spells: 5 memorised, 8 levels left

rFire  . . .     SeeInvis +     a - +1 dagger
rCold  . . .     Gourm    .     b - +1 robe
rNeg   . . .     Faith    .     (shield restricted)
rPois  .         Spirit   .     (helmet restricted)
rElec  .         Dismiss  .     g - +1 cloak
rCorr  .         Reflect  .     (gloves unavailable)
MR     +....     Harm     .     (boots unavailable)
Stlth  +++.......               (no amulet)
                                m - +2 ring of protection
                                n - ring of magical power

@: very quick
A: unfitting armour, see invisible, herbivore 3, speed 3, slow metabolism 2
a: no special abilities


You were on level 5 of the Dungeon.
You were not hungry.

You visited 1 branch of the dungeon, and saw 5 of its levels.

You collected 316 gold pieces.
You spent 170 gold pieces at shops.

Inventory:

Hand Weapons
 a - a +1 dagger (weapon)
Armour
 b - a +1 robe (worn)
 g - a +1 cloak (worn)
Jewellery
 j - an uncursed ring of fire
 m - a +2 ring of protection (right hand)
 n - a ring of magical power (left hand)
Scrolls
 e - a scroll of recharging
 k - 2 scrolls of enchant weapon
 l - 2 scrolls of remove curse
 r - 2 scrolls of identify
 s - a scroll of blinking
 u - a scroll of fear {unknown}
Potions
 d - a potion of brilliance {unknown}
 f - a potion of magic
 i - a potion of resistance
 p - 2 potions of degeneration {unknown}
 q - a potion of flight
 t - a potion of heal wounds {unknown}
Books
 c - a book of Maledictions

   Spells                             Type                      Level
   a - Corona                         Hexes                        1
   b - Ensorcelled Hibernation        Hexes/Ice                    2
   c - Confuse                        Hexes                        3
   d - Tukima's Dance                 Hexes                        3
   e - Dazzling Spray                 Conjuration/Hexes            3
 o - a book of Enchantments

   Spells                             Type                      Level
   a - Cause Fear                     Hexes                        4
   b - Yara's Violent Unravelling     Hexes/Transmutation          5
   c - Silence                        Hexes/Air                    5
   d - Deflect Missiles               Charms/Air                   6
   e - Haste                          Charms                       6
   f - Discord                        Hexes                        8
Comestibles
 h - 2 bread rations


   Skills:
 + Level 0.7 Fighting
 + Level 1.7 Short Blades
 + Level 4.4 Dodging
 - Level 5.1 Stealth
 * Level 7.4 Spellcasting
 + Level 6.4 Hexes
 - Level 0.2 Ice Magic


You had 8 spell levels left.
You knew the following spells:

 Your Spells              Type           Power        Failure   Level  Hunger
a - Corona                Hex            ####...      1%          1    None
b - Ensorcelled Hibernat  Hex/Ice        ###...       4%          2    None
c - Confuse               Hex            ####....     2%          3    #......
d - Tukima's Dance        Hex            ####....     2%          3    #......
e - Dazzling Spray        Conj/Hex       ###...       10%         3    #......


Dungeon Overview and Level Annotations

Branches:
Dungeon (5/15)
 Temple: D:4-7

Altars:

Shops:
D:4 ?

Annotations:
D:5 Pikel


Innate Abilities, Weirdness & Mutations

You are tiny and cannot use many weapons and most armour.
You have supernaturally acute eyesight. (SInv)
You are a herbivore.
You cover ground extremely quickly.
You need consume almost no food.


Message History

You closely miss Pikel. Pikel hits you but does no damage.
You hit Pikel but do no damage. Pikel closely misses you.
Casting: Ensorcelled Hibernation
Confirm with . or Enter, or press ? or * to list all spells.
Aiming: Ensorcelled Hibernation
Press: ? - help, Shift-Dir - straight line, f/p - Pikel
Aim: Pikel, wielding a whip of freezing and wearing a glowing robe (chance to defeat MR: 49%) Pikel resists with almost no effort.
Pikel hits you with a whip of freezing. Pikel freezes you.
You hit Pikel but do no damage. Pikel misses you.
Casting: Ensorcelled Hibernation
Confirm with . or Enter, or press ? or * to list all spells.
Aiming: Ensorcelled Hibernation
Press: ? - help, Shift-Dir - straight line, f/p - Pikel
Aim: Pikel, wielding a whip of freezing and wearing a glowing robe (chance to defeat MR: 49%) Pikel resists with almost no effort.
Pikel misses you.
You hit Pikel but do no damage. Pikel hits you with a whip of freezing!
* * * LOW HITPOINT WARNING * * *
Pikel freezes you.
You die...

####.#
#....# .
#.#### ..
#.# ... #.#
.... #.#
..... #.#
......####.#
......ppK@.#
..)...######
.#... #.# #


You could see Pikel and 2 slaves.

Vanquished Creatures
  2 slaves (D:5)
  An ice beast (D:4)
  A scorpion (D:5)
  A howler monkey (D:4)
  A giant frog zombie (D:5)
  An orc priest (D:5)
  A centaur skeleton (D:4)
  A hound (D:5)
  3 orc wizards
  Natasha (D:3)
  2 worker ants
  11 adders
  2 oozes
  2 adder skeletons
  5 worms
  A dart slug (D:1)
  4 giant geckos
  13 orcs
  2 ball pythons
  12 goblins
  11 hobgoblins
  10 jackals
  7 kobolds
  2 quokkas
  11 bats
  6 giant newts
  8 rats
122 creatures vanquished.

Notes
Turn   | Place    | Note
-------+----------+-------------------------------------------
     0 | D:1      | poirepourri the Spriggan Enchanter began the quest for the Orb.
     0 | D:1      | Reached XP level 1. HP: 9/9 MP: 5/5
   401 | D:1      | Reached XP level 2. HP: 10/13 MP: 4/6
  1344 | D:1      | Reached skill level 3 in Spellcasting
  1401 | D:1      | Reached XP level 3. HP: 15/16 MP: 6/8
  1697 | D:2      | Learned a level 2 spell: Ensorcelled Hibernation
  1701 | D:2      | Learned a level 3 spell: Confuse
  2456 | D:2      | Reached XP level 4. HP: 21/21 MP: 5/10
  2495 | D:2      | Learned a level 3 spell: Tukima's Dance
  2994 | D:2      | Reached skill level 5 in Hexes
  3237 | D:2      | Reached skill level 4 in Spellcasting
  3306 | D:2      | Found a faded altar of an unknown god.
  4400 | D:3      | Reached XP level 5. HP: 13/25 MP: 7/12
  5745 | D:3      | Noticed Natasha
  5762 | D:3      | HP: 1/25 [Natasha (1)]
  6198 | D:3      | Killed Natasha
  6198 | D:3      | Reached skill level 5 in Stealth
  6718 | D:4      | Learned a level 3 spell: Dazzling Spray
  6791 | D:4      | Reached skill level 5 in Spellcasting
  6791 | D:4      | Reached XP level 6. HP: 29/29 MP: 14/14
  6940 | D:4      | Noticed an ice beast
  6953 | D:4      | Killed an ice beast
  7086 | D:4      | Reached skill level 6 in Spellcasting
  7865 | D:4      | Found Peggyble's Magic Scroll Emporium.
  7873 | D:4      | Bought a scroll of enchant weapon for 75 gold pieces
  7873 | D:4      | Bought a scroll of identify for 20 gold pieces
  7873 | D:4      | Bought a scroll of blinking for 75 gold pieces
  7955 | D:5      | Entered Level 5 of the Dungeon
  8288 | D:5      | Reached XP level 7. HP: 32/32 MP: 18/18
  8568 | D:5      | Noticed Pikel
  8626 | D:5      | Reached skill level 7 in Spellcasting
  9031 | D:5      | Slain by Pikel

Vault maps used:
D:1:      noname_arrival_rooms_in_the_neighbourhood
D:2:      ecumenical_altar_2, grunt_decor_one_mirror
D:3:      uniq_natasha
D:4:      serial_shops, nicolae_shop_crystal, first_bread
D:5:      serial_shops, shop, uniq_pikel

Skill      XL: |  1  2  3  4  5  6  7 |
---------------+----------------------+-----
Hexes          | 4 5 6 |  6.4
Spellcasting   | 3 4 5 6 7 |  7.4
Dodging        | 4 |  4.4
Stealth        | 5 |  5.1
Fighting       | |  0.7
Short Blades   | |  1.7
Ice Magic      | |  0.2

Action                   |  1- 3 |  4- 6 |  7- 9 || total
-------------------------+-------+-------+-------++-------
Melee: Dagger            |   154 |   325 |    86 ||   565
 Cast: Corona            |    20 |    28 |     5 ||    53
       Ensorcelled Hiber |    12 |    61 |    19 ||    92
       Confuse           |       |    17 |     3 ||    20
  Use: Scroll            |     6 |     5 |       ||    11
       Potion            |       |     4 |       ||     4
 Stab: Sleeping          |    10 |    33 |    10 ||    53
       Confused          |       |    10 |     3 ||    13
  Eat: Bread ration      |       |     2 |       ||     2
Armor: Robe              |    21 |    66 |    17 ||   104
Dodge: Dodged            |   123 |   307 |    80 ||   510
